 Dungeon Crawl Stone Soup version 0.27-a0-780-geb8d7bc690 (webtiles) character file.

Game seed: 9371740743556785336

45 Glokmah the Magician (level 3, 0/26 HPs)
             Began as a Djinni Hedge Wizard on Mar 26, 2021.
             Slain by a bat (1 damage)
             ... on level 2 of the Dungeon.
             The game lasted 00:04:46 (1794 turns).

Glokmah the Magician (Djinni Hedge Wizard)          Turns: 1794, Time: 00:04:47

Health: 0/26       AC:  2    Str:  9    XL:     3   Next: 64%
Gold:   27         EV: 12    Int: 16    God:
                   SH:  0    Dex: 12

rFire    + + .     SeeInvis .   d - +0 short sword
rCold    x . .     Faith    .   (no shield)
rNeg     + . .     Spirit   .   b - +0 robe
rPois    ∞         Reflect  .   c - +0 hat
rElec    .         Harm     .   (no cloak)
rCorr    .         Rampage  .   (no gloves)
Will     .....                  (boots unavailable)
Stlth    ++........             (no amulet)
HPRegen  0.08/turn              i - ring of positive energy
MPRegen  0.00/turn              (no ring)

@: flying
A: fire resistance 2, cold vulnerability 1, float, innate caster, hp casting,
extra vitality 1
a: no special abilities


You were on level 2 of the Dungeon.
You visited 1 branch of the dungeon, and saw 2 of its levels.

You collected 27 gold pieces.

Inventory:

Hand Weapons
 a - a +0 dagger
 d - a +0 short sword (weapon)
Armour
 b - a +0 robe (worn)
 c - a +0 hat (worn)
Jewellery
 i - a ring of positive energy (right hand)
Scrolls
 f - a scroll of noise {unknown}
 g - a scroll of enchant armour {unknown}
 h - a scroll of identify {unknown}


   Skills:
 + Level 0.8 Fighting
 + Level 0.8 Armour
 + Level 2.6 Dodging
 - Level 1.7 Stealth
 * Level 3.3 Spellcasting


You couldn't memorise any spells.
You knew the following spells:

 Your Spells              Type           Power      Damage    Failure   Level
a - Sandblast             Erth           26%        2d8       4%          1
b - Magic Dart            Conj           52%        1d5       4%          1
c - Call Imp              Summ           13%        N/A       7%          2
d - Blink                 Tloc           N/A        N/A       7%          2
e - Conjure Flame         Conj/Fire      13%        6-21      14%         3
f - Mephitic Cloud        Conj/Pois/Air  13%        N/A       14%         3
g - Slow                  Hex            13%        N/A       7%          2
Your spell library was empty.

Dungeon Overview and Level Annotations

Branches:
Dungeon (2/15)

Altars:


Innate Abilities, Weirdness & Mutations

You are immune to poison.
Your flesh is very heat resistant. (rF++)
You are vulnerable to cold. (rC-)
You float through the air rather than walking.
You learn spells naturally, not from books.
Your magical power is your life essence.
You have superior vitality. (+4 HP)


Message History

The orc closely misses your crimson imp.
Your crimson imp hits the orc.
The orc hits your crimson imp but does no damage.
You hit the orc.
You kill the orc!
The bat barely misses you. The bat hits you but does no damage.
Your crimson imp barely misses the orc.
Your crimson imp blinks!
The orc misses your crimson imp.
You completely miss the orc.
The orc is heavily wounded.
The bat barely misses your crimson imp. The bat barely misses you.
Your crimson imp blinks!
Your crimson imp hits the bat.
The orc closely misses you.
The bat hits your crimson imp but does no damage.
Your crimson imp blinks!
You barely miss the orc.
The orc is heavily wounded.
The bat closely misses you. The bat misses you.
Your crimson imp hits the bat.
The bat hits you but does no damage. The orc barely misses you.
You hit the orc.
The orc is severely wounded.
The bat closely misses you.
Your crimson imp blinks! x2
The bat barely misses you. The orc hits you with a +0 mace!
* * * LOW HITPOINT WARNING * * *
Casting: Magic Dart (safe; 4% risk of failure)
Confirm with . or Enter, or press ? or * to list all spells.
You don't have enough health to cast this spell.
The bat barely misses you.
Your crimson imp blinks!
The bat closely misses you. The bat hits you but does no damage.
The bat closely misses you. The bat hits you but does no damage.
The orc misses you. The bat hits you.
* * * LOW HITPOINT WARNING * * *
The bat barely misses you.
Your crimson imp blinks!
The bat hits you but does no damage. The bat hits you.
You die...

#[. ... ... #.# #.#
#.# #.# #.###.# ##o#.
###.#...####### ....
#..[..........# #.o.
#.#5#.#######.## #...
#....ob@.......#
#...###...#.#######.##
...#................#
###.##).##.########.##
#.!>.)5.##.# #.#
.#.####.###.# #.#
#..#. #.# #.# #.#
..... #.# #.# #.#
..... #.# #.# #.#


You could see an orc (ally target), a bat and a friendly crimson imp (summoned).

Vanquished Creatures
  2 orcs (D:2)
  5 ball pythons (D:1)
  4 bats
  3 endoplasms
  2 giant cockroaches (D:1)
  3 goblins (D:1)
  3 hobgoblins
  7 jackals (D:1)
  A kobold (D:1)
  A quokka (D:1)
  A frilled lizard (D:1)
  2 rats (D:1)
34 creatures vanquished.

Vanquished Creatures (collateral kills)
  An orc (D:2)
  A giant cockroach (D:1)
2 creatures vanquished.

Grand Total: 36 creatures vanquished

Notes
Turn   | Place    | Note
-------+----------+-------------------------------------------
     0 | D:1      | Glokmah the Djinni Hedge Wizard began the quest for the
                  | Orb.
     0 | D:1      | Reached XP level 1. HP: 15/15 MP: 0/0
    80 | D:1      | Reached XP level 2. HP: 7/21 MP: 0/0
   287 | D:1      | Reached skill level 3 in Spellcasting
   887 | D:1      | Reached XP level 3. HP: 21/26 MP: 0/0
   887 | D:1      | Learned a level 1 spell: Sandblast
  1793 | D:2      | HP: 1/26 [bat (1)]
  1794 | D:2      | Slain by a bat

Illustrated notes

Levels and vault maps discovered:
D:1:      erik_arrival_orb_chamber, layout_loops_ring
D:2:      layout_basic

Skill      XL: |  1  2 |
---------------+-------+-----
Spellcasting   | 3 |  3.3
Fighting       | |  0.8
Armour         | |  0.8
Dodging        | |  2.6
Stealth        | |  1.7

Action                   || total
-------------------------++-------
Melee: Short sword       ||    73
 Cast: Magic Dart        ||    43
       Call Imp          ||     4
       Sandblast         ||     2
 Stab: Sleeping          ||     2
Armor: Robe              ||    19
Dodge: Dodged            ||    77

Table legend: (Time is in decaauts)
 A = Elapsed time spent in this place.
 B = Non-inter-level travel time spent in this place.
 C = Inter-level travel time spent in this place.
 D = Time resting spent in this place.
 E = Time spent auto-exploring this place.
 F = Levels seen in this place.
 G = Mean time per level.
                   A        B        C        D        E       F      G
               +--------+--------+--------+--------+--------+-----+--------+
         Total |   1802 |   1688 |    114 |    329 |   1010 |   2 |  901.0 |
       Dungeon |   1802 |   1688 |    114 |    329 |   1010 |   2 |  901.0 |
               +--------+--------+--------+--------+--------+-----+--------+

Top non-repeatable levels by time:
     D:1: 1694 daAuts
     D:2: 107 daAuts
